 Dungeon Crawl Stone Soup version 0.28-a0-1286-g6bde065e89 (webtiles) character file.

Game seed: 2982111803962529407

65 Mesmaeker13 the Conjurer (level 3, 0/26 HPs)
             Began as a Draconian Conjurer on Dec 26, 2021.
             Killed by nerve-wracking pain
             ... invoked by Grinder
              (14 damage)
             ... on level 3 of the Dungeon.
             The game lasted 00:02:25 (2362 turns).

Mesmaeker13 the Conjurer (Draconian Conjurer)       Turns: 2362, Time: 00:02:26

Health: 0/26       AC:  6    Str:  9    XL:     3   Next: 92%
Magic:  0/7        EV: 12    Int: 20    God:
Gold:   154        SH:  0    Dex:  9    Spells: 4/7 levels left

rFire   . . .      SeeInvis .   m - +2 whip (elec)
rCold   . . .      Faith    .   (no shield)
rNeg    . . .      Spirit   .   (armour unavailable)
rPois   +          Reflect  .   (helmet restricted)
rElec   .          Harm     .   (no cloak)
rCorr   .          Rampage  .   k - +0 pair of gloves
Will    .....                   (no boots)
Stlth   ++........              (no amulet)
HPRegen 0.08/turn               i - ring of poison resistance
MPRegen 0.10/turn               (no ring)

@: no status effects
A: AC +5, unfitting armour, cold-blooded
a: no special abilities


You were on level 3 of the Dungeon.
You visited 1 branch of the dungeon, and saw 3 of its levels.

You collected 154 gold pieces.

Inventory:

Hand Weapons
 m - a +2 whip of electrocution (weapon)
Armour
 k - a +0 pair of gloves (worn)
Magical Staves
 b - a staff of death
Jewellery
 i - a ring of poison resistance (left hand)
Scrolls
 a - a scroll of noise {unknown}
 d - 4 scrolls of identify {unknown}
 f - 2 scrolls of teleportation {unknown}
 h - a scroll of vulnerability {unknown}
 j - a scroll of silence {unknown}
 n - a scroll of magic mapping {unknown}
 q - a scroll of blinking {unknown}
Potions
 c - a potion of curing {unknown}
 e - 2 potions of brilliance {unknown}
 g - a potion of lignification {unknown}
 l - a potion of degeneration {unknown}
 o - a potion of haste {unknown}
 p - a potion of invisibility {unknown}


   Skills:
 + Level 2.6 Dodging
 - Level 1.7 Stealth
 + Level 2.7 Spellcasting
 + Level 4.5 Conjurations


You had 4 spell levels left.
You knew the following spells:

 Your Spells              Type           Power      Damage    Failure   Level
a - Magic Dart            Conj           84%        1d7       2%          1
b - Searing Ray           Conj           42%        2d6       3%          2

Your spell library contained the following spells:

 Spells                   Type           Power      Damage    Failure   Level
 Dazzling Flash           Conj/Hex       22%        N/A       17%         3
 Gell's Gravitas          Tloc           2%         N/A       41%         3
 Lesser Beckoning         Tloc           2%         N/A       41%         3
 Ozocubu's Armour         Ice            2%         N/A       41%         3
 Teleport Other           Tloc           2%         N/A       41%         3
 Fulminant Prism          Conj/Hex       5%         3d7       50%         4
 Iskenderun's Mystic Bla  Conj/Tloc      11%        2d4       50%         4
 Metabolic Englaciation   Hex/Ice        1%         N/A       99%         5
 Simulacrum               Ice/Necr       1%         N/A       100%        6


Dungeon Overview and Level Annotations

Branches:
Dungeon (3/15)

Altars:

Annotations:
D:3 Grinder


Innate Abilities, Weirdness & Mutations

Your plain brown scales are hard. (AC +5)
You cannot fit into any form of body armour.
You are cold-blooded and may be slowed by cold attacks.


Message History

Grinder is nearby!
Casting: Magic Dart (safe; 2% risk of failure)
Confirm with . or Enter, or press ? or * to list all spells.
Aiming: Magic Dart (safe; 2% risk of failure)
Press: ? - help, Shift-Dir - straight line, f - Grinder
Aim: Grinder (100% to hit)
The magic dart hits Grinder but does no damage.
Grinder barely misses you.
Unknown command.
Casting: Magic Dart (safe; 2% risk of failure)
Confirm with . or Enter, or press ? or * to list all spells.
Aiming: Searing Ray (safe; 3% risk of failure)
Press: ? - help, Shift-Dir - straight line, f/p - Grinder
Aim: Grinder (75% to hit)
The searing ray hits Grinder!
Grinder is moderately wounded. (Press . to maintain the ray.) Grinder hits you.
You writhe in agony.
The searing ray hits Grinder!
Grinder is heavily wounded.
Grinder hits you.
You writhe in agony.
The searing ray hits Grinder.
Grinder is severely wounded.
Grinder blinks!
Unknown command.
Casting: Searing Ray (safe; 3% risk of failure)
Confirm with . or Enter, or press ? or * to list all spells.
Restarting spell: Searing Ray (safe; 3% risk of failure)
Press: ? - help, Shift-Dir - straight line, f/p - Grinder
Aim: Grinder (severely wounded, 75% to hit)
The searing ray hits Grinder!
Grinder is almost dead. (Press . to maintain the ray.) Grinder gestures at you.
You barely resist.
Without enough magic to sustain it, your searing ray dissipates.
Grinder gestures at you. Pain shoots through your body!
Ouch! That really hurt!
You die...

## #.. ######
#...#############.....
#..5'@...........>....
#...####.....####.....
#.# #...(.# #..... ..
####### #..... .
#).... #..... #.....
#..... #.....


You could see Grinder.

Vanquished Creatures
  An adder (D:3)
  2 worms (D:2)
  A dart slug (D:3)
  An orc (D:3)
  3 endoplasms
  A giant cockroach (D:1)
  2 goblins
  6 hobgoblins
  2 quokkas
  3 ball pythons
  9 bats
  4 frilled lizards
  7 kobolds
  5 rats
47 creatures vanquished.

Notes
Turn   | Place    | Note
-------+----------+-------------------------------------------
     0 | D:1      | Mesmaeker13 the Draconian Conjurer began the quest for the
                  | Orb.
     0 | D:1      | Reached XP level 1. HP: 14/14 MP: 3/3
   164 | D:1      | Found a faded altar of an unknown god.
   236 | D:1      | Reached XP level 2. HP: 20/20 MP: 3/5
  1322 | D:2      | Reached XP level 3. HP: 26/26 MP: 3/6
  1610 | D:2      | Learned a level 2 spell: Searing Ray
  2355 | D:3      | Noticed Grinder
  2362 | D:3      | Killed from afar by Grinder

Illustrated notes

Levels and vault maps discovered:
D:1:      saegor_arrival_simple_b, layout_loops_ring,
          hellmonk_ecumenical_altar_zigzags, minmay_strange_pillars,
          wad_floor_pattern_untrapped, minmay_pentomino_p2
D:2:      layout_rooms, minmay_misc_feat_more_columns,
          minmay_misc_feat_enclosed, hangedman_decor_growths
D:3:      layout_basic, uniq_grinder

Skill      XL: |  1 |
---------------+----+-----
Dodging        | 2 |  2.6
Stealth        | |  1.7
Spellcasting   | |  2.7
Conjurations   | |  4.5

Action                   || total
-------------------------++-------
Melee: Short sword       ||     5
       Whip              ||     5
 Cast: Magic Dart        ||    80
       Searing Ray       ||     3
Armor: Skin              ||     3
Dodge: Dodged            ||    12

Table legend: (Time is in decaauts)
 A = Elapsed time spent in this place.
 B = Non-inter-level travel time spent in this place.
 C = Inter-level travel time spent in this place.
 D = Time resting spent in this place.
 E = Time spent auto-exploring this place.
 F = Levels seen in this place.
 G = Mean time per level.
                   A        B        C        D        E       F      G
               +--------+--------+--------+--------+--------+-----+--------+
         Total |   2361 |   2326 |     35 |    199 |   1831 |   3 |  787.0 |
       Dungeon |   2361 |   2326 |     35 |    199 |   1831 |   3 |  787.0 |
               +--------+--------+--------+--------+--------+-----+--------+

Top non-repeatable levels by time:
     D:1: 1112 daAuts
     D:3: 636 daAuts
     D:2: 611 daAuts
